AoeStats
← ZUCH

Arabia

504439418Analyzed
1v1 RM · 26d ago on Sep 5, 2026· 58m 10s· 2 players
Game mode
Random Map
Map size
Tiny (2 player)
Population
200
Speed
Normal
Resources
Standard
Victory
Conquest
Starting age
Dark Age
Ending age
Imperial Age
RankedLock teamsTeams togetherTeam positionsShared explorationLock speedFull tech treeHidden civsTurbo modeCheats
Victory
Defeat
🇵🇱 Britons · Poland
1260
+15
🇹🇼 Dravidians · Taiwan
1231
-15
wongshuo.lee
5:42 Loom
8:49 Feudal Age
9:19 Double-Bit Axe
13:26 Horse Collar
15:31 Wheelbarrow
22:46 Castle Age
21:07 Gold Mining
22:50 Crossbowman
24:43 Elite Skirmisher
25:15 Fletching
25:57 Bodkin Arrow
28:15 Padded Archer Armor
35:02 Pikeman
36:09 Squires
36:39 Bow Saw
37:19 Leather Archer Armor
41:23 Imperial Age
39:18 Town Watch
39:41 Scale Mail Armor
41:14 Ballistics
41:30 Chain Mail Armor
42:35 Conscription
44:12 Heavy Plow
45:13 Two-Man Saw
45:39 Chemistry
45:30 Bracer
48:56 Light Cavalry
ZUCH
6:01 Loom
9:03 Feudal Age
9:05 Man-at-Arms
12:30 Double-Bit Axe
21:30 Castle Age
20:53 Gold Mining
20:45 Horse Collar
22:11 Fletching
21:42 Crossbowman
22:40 Bow Saw
24:46 Padded Archer Armor
27:11 Wheelbarrow
31:28 Hand Cart
31:54 Town Watch
34:54 Gold Shaft Mining
37:01 Husbandry
37:08 Scale Barding Armor
38:01 Scale Mail Armor
41:21 Imperial Age
39:21 Stone Mining
39:35 Heavy Plow
40:08 Town Patrol
41:46 Chain Barding Armor
41:23 Bodkin Arrow
41:15 Pikeman
42:45 Scale Mail Armor
43:00 Leather Archer Armor
43:23 Light Cavalry
44:39 Squires
44:25 Gambesons
45:37 Yeomen
46:02 Chain Mail Armor
46:54 Conscription
46:36 Warwolf
48:07 Chemistry
47:39 Conscription
50:35 Warwolf
54:31 Plate Barding Armor
56:47 Yeomen
56:58 Arbalester
Connection lost

Rejoining the realm…

Still unreachable

The connection could not be restored.

Session expired

The server has moved on; the page needs a fresh start.